 Dungeon Crawl Stone Soup version bcrawl-1.37.2 (webtiles) character file.

Game seed: 6110286954462098431

386837 DasRunzen the Thaumaturge (level 10, -6/63 HPs)
             Began as a Skeleton Reaver on Dec 23, 2022.
             Was an Elder of Vehumet.
             Mangled by a flying skull (12 damage)
             ... in a Gauntlet.
             The game lasted 00:22:39 (7124 turns).

DasRunzen the Thaumaturge (Skeleton Reaver)         Turns: 7124, Time: 00:22:39

Health: -6/63      AC: 12    Str: 23      XL:     10   Next: 59%
Magic:  0/22       EV: 18    Int: 15 (16) God:    Vehumet [****..]
Gold:   357        SH:  1    Dex:  6 (7)  Spells: 18/26 levels left

rFire    . . .     GDR:     24% H - +6 long sword
rCold    + . .     SeeInvis .   (no shield)
rNeg     + + +     Gourm    .   b - +0 steam dragon scales
rPois    ∞         Faith    .   s - +0 helmet
rElec    .         Spirit   +   z - scarf {clouds}
rCorr    .         Reflect  .   k - +2 pair of gloves
MR       .....     NoTele   +   y - +0 pair of boots
Stlth    +.........             p - amulet of regeneration
HPRegen  0.20/turn              m - +5 ring of evasion
MPRegen  0.18/turn              q - +5 ring of strength

@: vulnerable, very slightly contaminated
A: no food or potions, cold resistance 1, deterioration 1, negative energy
resistance 3, powered by death 1, torment resistance, unbreathing, magic shield,
sturdy frame 2, spell healing
a: Renounce Religion, Evoke Fog


You were in a Gauntlet.
You worshipped Vehumet.
Vehumet was greatly pleased with you.
You were not hungry.

You visited 3 branches of the dungeon, and saw 9 of its levels.
You also visited: Gauntlet.

You collected 582 gold pieces.
You spent 225 gold pieces at shops.

Inventory:

Hand Weapons
 a - a +0 long sword
 u - the cursed +2 hunting sling of Fimbulwinter {freeze, rC+ rN+ SInv, unknown}
   (You found it on level 4 of the Dungeon)

   It causes projectiles fired from it to freeze those they strike, increasing
   damage dealt by approximately one third against foes not resistant or
   susceptible to cold, and potentially slowing cold-blooded foes.
   It protects you from cold.
   It protects you from negative energy.
   It lets you see invisible.
   It has a curse placed upon it.
 H - a +6 long sword (weapon)
Missiles
 j - 1077 stones (quivered)
Armour
 b - +0 steam dragon scales (worn)
 d - a +2 hat
 k - a +2 pair of gloves (worn)
 s - a +0 helmet (worn)
 v - a +0 cloak of poison resistance
 x - a +0 scale mail of cold resistance
 y - a +0 pair of boots (worn)
 z - a scarf of clouds (worn)
 A - a +2 buckler
 F - a scarf of resistance
Jewellery
 l - a cursed ring of teleportation {unknown}
 m - a +5 ring of evasion (left hand)
 p - an amulet of regeneration (around neck)
 q - a +5 ring of strength (right hand)
 E - a +4 ring of evasion
 J - an uncursed ring of protection from fire {unknown}
Wands
 h - a wand of acid (6)
 o - a wand of paralysis (6)
 w - a wand of flame (18)
 C - a wand of charming (20)
 D - a wand of disintegration (17)
Scrolls
 e - 6 scrolls of teleportation
 f - 2 scrolls of fog
 g - 9 scrolls of remove curse
 i - a scroll of brand weapon {unknown}
 n - a scroll of magic mapping
 r - 4 scrolls of amnesia
 t - a scroll of blinking
 G - 2 scrolls of fear {unknown}
 I - 2 scrolls of vulnerability {unknown}


   Skills:
 + Level 7.0 Fighting
 + Level 8.3 Long Blades
 + Level 6.7 Armour
 + Level 7.0 Dodging
 + Level 6.0 Shields
 + Level 8.7 Spellcasting
 - Level 3.0 Conjurations
 + Level 3.1 Air Magic
 - Level 2.0 Earth Magic
 - Level 2.1 Poison Magic


You had 18 spell levels left.
You knew the following spells:

 Your Spells              Type           Power        Failure   Level  Hunger
a - Sandblast             Erth           ##....       1%          1    N/A
b - Sting                 Conj/Pois      ##..         1%          1    N/A
c - Shock                 Conj/Air       ###....      1%          2    N/A
d - Lightning Bolt        Conj/Air       ###.....     9%          4    N/A

Your spell library contained the following spells:

 Spells                   Type           Power        Failure   Level  Hunger
 Conjure Flame            Conj/Fire      ##......     5%          3    N/A
 Iskenderun's Battlesphe  Conj/Chrm      ##......     38%         5    N/A

Dungeon Overview and Level Annotations

Branches:
Dungeon (7/12)             Temple (1/1) D:5            Lair (1/6) D:7

Altars:
Cheibriados
Dithmenos
Gozag
Hepliaklqana
Kikubaaqudgha
Lugonu
Makhleb
Nemelex Xobeh
Okawaru
Ru
Sif Muna
Trog
Uskayaw
Vehumet
Wu Jian
Yredelemnul

Shops:
D:4 [

Annotations:
D:5 3 runed translucent doors, foxfromabyss's ghost, novice DgAc
D:7 2 transporters, foxfromabyss's ghost, novice DDFi Gauntlet 13 transporters, exclusion: orange crystal statue


Innate Abilities, Weirdness & Mutations

You do not eat or drink.
You are immune to poison.
Your flesh is cold resistant. (rC+)
Your body sometimes deteriorates upon taking damage.
You are immune to negative energy. (rN+++)
You regenerate a little health from kills.
You are immune to unholy pain and torment.
You can survive without breathing.
When hurt, damage is shared between your health and your magic reserves.
Your movements are less encumbered by armour. (ER -4)
Casting spells heals you.


Message History

The flying skull is severely damaged.
The flying skull misses you. x2; The flying skull barely misses you.
Blink to where?
Press: ? - help, Dir - move target cursor, p - flying skull You are very lightly contaminated with residual magic.
As you read the scroll of blinking, it crumbles to dust.
Casting: Lightning Bolt (safe; 9% risk of failure)
Confirm with . or Enter, or press ? or * to list all spells.
You don't have enough magic to cast that spell.
Casting: Lightning Bolt (safe; 9% risk of failure)
Confirm with . or Enter, or press ? or * to list all spells.
You can't see any susceptible monsters within range! (Use Z to cast anyway.)
Casting: Lightning Bolt (safe; 9% risk of failure)
Confirm with . or Enter, or press ? or * to list all spells.
Okay, then.
The flying skull misses you.
You slash the flying skull!
The flying skull is severely damaged.
The flying skull hits you!
You die...

######## ########### #####.
#....... ........... ......
#.©.... ....©.... ....©
#################################
#8...............................
#................................
#..###########.###########.######
#..#..[.©|?..#.#.Wz[z=z..#.#2.$"©
#..#.#.....#.#.#@zz.W.z..#.#4....
#..#.##...##.#.#..#..W#..#.#.....
#..#..#####.a#.#.....W...#.#.....
#..#....©...s#.#....©....#.#....©
#..#..##.##..#.#.........#.#.....
#..#.##...##s#.#..#...#..#.#.....
#..#.#.....#.#.#.........#.#.....
#..#.........#.#.........#.#.....
#..##############################


You could see an entropy weaver, 2 wolf spiders, a phantasmal warrior, a
freezing wraith, 2 wraiths and 6 flying skulls.

Vanquished Creatures
  A two-headed ogre (D:7)
  A smoke demon (Gauntlet)
  A cane toad (Lair:1)
  An ice devil (Gauntlet)
  A dryad (D:7)
  2 trolls (D:7)
  A wyvern (Lair:1)
  2 yaks (D:7)
  2 hogs (D:7)
  The ghost of yrara the Chopper, an amateur DsFi (D:4)
  A human (D:7)
  A steam dragon (D:7)
  Edmund (D:4)
  2 crocodiles (Lair:1)
  3 sky beasts
  An ice beast (D:7)
  2 orc warriors (D:7)
  A necrophage (D:4)
  A black bear (D:7)
  3 phantoms
  2 kobold brigands (D:6)
  6 bullfrogs
  A centaur (D:5)
  2 scorpions
  A statue (D:7)
  3 wights (D:6)
  3 orc priests
  3 crimson imps
  3 hounds
  A bullfrog skeleton (D:4)
  2 orc wizards
  2 iguanas
  2 worker ants (D:5)
  2 hound zombies (D:4)
  A worker ant zombie (D:5)
  A howler monkey skeleton (D:5)
  5 adders
  3 white imps (Gauntlet)
  3 oozes
  An adder zombie (D:3)
  5 adder skeletons
  3 worms (D:2)
  A dart slug (D:2)
  2 leopard geckos (D:1)
  11 orcs
  9 bats
  3 giant cockroaches
  7 goblins
  6 hobgoblins
  17 kobolds
  4 quokkas
  3 ball pythons
  2 frilled lizards
  A quokka skeleton (D:4)
  A quokka zombie (D:6)
  7 rats
158 creatures vanquished.

Vanquished Creatures (others)
  30 plants
30 creatures vanquished.

Grand Total: 188 creatures vanquished

Notes
Turn   | Place    | Note
-------+----------+-------------------------------------------
     0 | D:1      | DasRunzen the Skeleton Reaver began the quest for the Orb.
     0 | D:1      | Reached XP level 1. HP: 14/14 MP: 4/4
   228 | D:1      | Reached XP level 2. HP: 16/19 MP: 6/6
   297 | D:1      | Reached skill level 1 in Armour
   348 | D:1      | Reached * piety under Vehumet
   348 | D:1      | Offered knowledge of Sandblast by Vehumet.
   448 | D:1      | Reached XP level 3. HP: 23/23 MP: 7/7
   930 | D:2      | Learned a level 1 spell: Sandblast
  1338 | D:2      | Reached XP level 4. HP: 23/28 MP: 7/9
  1501 | D:3      | Noticed a bullfrog
  1506 | D:3      | Killed a bullfrog
  1669 | D:3      | Reached XP level 5. HP: 32/32 MP: 11/11
  1866 | D:3      | Reached ** piety under Vehumet
  1866 | D:3      | Offered knowledge of Sting by Vehumet.
  1909 | D:3      | Learned a level 1 spell: Sting
  2231 | D:4      | Got a crude hunting sling
  2298 | D:4      | Noticed Edmund
  2301 | D:4      | Noticed a sky beast
  2529 | D:4      | Reached skill level 1 in Earth Magic
  2529 | D:4      | Found Jaakut's Antique Armour Boutique.
  2569 | D:4      | Bought a glowing cloak for 225 gold pieces
  2651 | D:4      | Killed a sky beast
  2652 | D:4      | Gained mutation: You regenerate a little health from kills.
                  | [Skeleton growth]
  2652 | D:4      | Reached XP level 6. HP: 29/38 MP: 8/12
  2687 | D:4      | Noticed a sky beast
  2710 | D:4      | Killed a sky beast
  2781 | D:4      | Reached skill level 5 in Long Blades
  2862 | D:4      | Reached skill level 1 in Conjurations
  2862 | D:4      | Reached XP level 7. HP: 4/43 MP: 0/14
  3004 | D:4      | Found a runed translucent gate.
  3004 | D:4      | Found a runed translucent gate.
  3004 | D:4      | Found a runed translucent gate.
  3006 | D:4      | Noticed yrara's ghost (amateur DsFi)
  3135 | D:4      | Reached skill level 5 in Spellcasting
  3165 | D:4      | Killed Edmund
  3527 | D:5      | Entered Level 5 of the Dungeon
  3652 | D:5      | Found a runed translucent gate.
  3652 | D:5      | Found a runed translucent gate.
  3653 | D:5      | Found a runed translucent gate.
  3653 | D:5      | Noticed foxfromabyss's ghost (novice DgAc)
  3679 | D:5      | Found a staircase to the Ecumenical Temple.
  3692 | D:5      | Reached skill level 1 in Shields
  3853 | D:5      | Offered knowledge of Shock by Vehumet.
  3854 | D:5      | Reached XP level 8. HP: 45/48 MP: 13/16
  3910 | D:5      | Found a runed door.
  4115 | Temple   | Entered the Ecumenical Temple
  4330 | D:6      | Reached skill level 5 in Fighting
  4330 | D:6      | Reached skill level 5 in Dodging
  4431 | D:6      | Reached *** piety under Vehumet
  4524 | D:6      | Reached skill level 1 in Poison Magic
  4588 | D:6      | Found a basalt altar of Yredelemnul.
  4742 | D:6      | Found a burning altar of Makhleb.
  4865 | D:6      | Found an ancient bone altar of Kikubaaqudgha.
  4976 | D:4      | Learned a level 2 spell: Shock
  5046 | D:4      | Killed yrara's ghost
  5302 | D:7      | Found a transporter.
  5434 | D:7      | Reached XP level 9. HP: 44/54 MP: 3/19
  5436 | D:7      | Offered knowledge of Lightning Bolt by Vehumet.
  5461 | D:7      | Learned a level 4 spell: Lightning Bolt
  5526 | D:7      | Found a staircase to the Lair.
  5526 | D:7      | Noticed an elephant
  5548 | D:7      | Reached skill level 5 in Armour
  5604 | D:7      | Noticed a troll
  5613 | D:7      | Killed a troll
  5653 | D:7      | Reached skill level 1 in Air Magic
  5877 | D:7      | Noticed a two-headed ogre
  5884 | D:7      | Killed a two-headed ogre
  5885 | D:7      | Reached skill level 5 in Shields
  5955 | D:7      | Noticed a troll
  5966 | D:7      | Killed a troll
  5967 | D:7      | Gained mutation: Your movements are less encumbered by
                  | armour. (ER -4) [Skeleton growth]
  5967 | D:7      | Reached XP level 10. HP: 53/61 MP: 17/22
  5998 | D:7      | Found a transporter.
  6001 | D:7      | Noticed foxfromabyss's ghost (novice DDFi)
  6003 | D:7      | Noticed a moth of wrath
  6063 | D:7      | Reached **** piety under Vehumet
  6208 | D:7      | Found a basalt altar of Yredelemnul.
  6475 | Lair:1   | Entered Level 1 of the Lair of Beasts
  6475 | Lair:1   | Found a gate leading to a gauntlet.
  6475 | Lair:1   | Noticed a cane toad
  6489 | Lair:1   | Killed a cane toad
  6497 | Lair:1   | Offered knowledge of Conjure Flame by Vehumet.
  6514 | Gauntlet | Entered a Gauntlet
  6514 | Gauntlet | Found a transporter.
  6544 | Gauntlet | Found a transporter.
  6559 | Gauntlet | Found a transporter.
  6565 | Gauntlet | Found a transporter.
  6579 | Gauntlet | Noticed a wolf spider
  6586 | Gauntlet | Found a transporter.
  6587 | Gauntlet | Noticed a wolf spider
  6587 | Gauntlet | Noticed an entropy weaver
  6599 | Gauntlet | Found a transporter.
  6611 | Gauntlet | Found a transporter.
  6611 | Gauntlet | Noticed a green death
  6612 | Gauntlet | Noticed an orange demon
  6623 | Gauntlet | Found a transporter.
  6623 | Gauntlet | Noticed an orange crystal statue
  6634 | Gauntlet | Noticed a thrashing horror
  6635 | Gauntlet | Found a transporter.
  6637 | Gauntlet | Noticed a thrashing horror
  6647 | Gauntlet | Found a transporter.
  6647 | Gauntlet | Noticed a blizzard demon
  6664 | Gauntlet | Found a transporter.
  6681 | Gauntlet | Found a transporter.
  6683 | Gauntlet | Found a transporter.
  6683 | Gauntlet | Noticed a moth of wrath
  6703 | Gauntlet | Noticed a smoke demon
  6710 | Gauntlet | Found a transporter.
  6712 | Gauntlet | Found a transporter.
  6734 | Gauntlet | Found a transporter.
  6736 | Gauntlet | Found a transporter.
  6834 | Gauntlet | Found a transporter.
  7000 | Gauntlet | Killed a smoke demon
  7109 | Gauntlet | Noticed a phantasmal warrior
  7124 | Gauntlet | Mangled by a flying skull

Skill      XL: |  1  2  3  4  5  6  7  8  9 10 |
---------------+-------------------------------+-----
Armour         | 1 2 3 4 6 |  6.7
Long Blades    | 4 5 6 7 8 |  8.3
Spellcasting   | 4 5 6 8 |  8.7
Earth Magic    | 1 2 |  2.0
Fighting       | 4 5 6 7 |  7.0
Dodging        | 4 5 6 7 |  7.0
Conjurations   | 1 2 3 |  3.0
Shields        | 1 3 5 6 |  6.0
Poison Magic   | 2 |  2.1
Air Magic      | 2 3 |  3.1

Action                   |  1- 3 |  4- 6 |  7- 9 | 10-12 || total
-------------------------+-------+-------+-------+-------++-------
Melee: Long sword        |   150 |   124 |   369 |   123 ||   766
 Cast: Sandblast         |       |    18 |     4 |       ||    22
       Sting             |       |    18 |    25 |       ||    43
       Shock             |       |       |    10 |     6 ||    16
       Lightning Bolt    |       |       |     3 |     9 ||    12
  Use: Scroll            |     2 |       |    12 |     3 ||    17
Armor: Steam dragon scal |    56 |    29 |    79 |    62 ||   226
Dodge: Dodged            |   119 |   110 |   350 |   187 ||   766
Block: Other             |       |       |     3 |     4 ||     7
